AoeStats
← AOKI_GworK

African Clearing

506915335Analyzed
4v4 RM · 16d ago on Sep 15, 2026· 41m 4s· 8 players
Game mode
Random Map
Map size
Large (8 player)
Population
200
Speed
Normal
Resources
Standard
Victory
Conquest
Starting age
Dark Age
Ending age
Imperial Age
RankedLock teamsTeams togetherTeam positionsShared explorationLock speedFull tech treeHidden civsTurbo modeCheats
Victory
Defeat
🇫🇷 Chinese · France
1791
+10
🇫🇷 Hindustanis · France
1783
+10
🇫🇷 Mongols · France
1741
+11
🇫🇷 Dravidians · France
1707
+13
🇹🇼 Berbers · Taiwan
1718
-14
🇹🇼 Koreans · Taiwan
1635
-11
🇦🇷 Vietnamese · Argentina
1609
-10
🇦🇷 Mongols · Argentina
1590
-9
Emily001
8:23 Loom
13:56 Feudal Age
20:04 Castle Age
22:07 Double-Bit Axe
24:01 Town Watch
25:30 Horse Collar
29:14 Scale Mail Armor
30:14 Wheelbarrow
31:59 Forging
32:33 Gold Mining
33:17 Squires
33:36 Fletching
35:16 Bodkin Arrow
40:50 Imperial Age
39:07 Elite Skirmisher
39:53 Thumb Ring
Ecoli
11:41 Loom
13:40 Feudal Age
18:36 Castle Age
17:17 Double-Bit Axe
18:17 Town Watch
21:19 Fletching
23:10 Bodkin Arrow
37:02 Horse Collar
37:34 Gold Mining
39:13 Wheelbarrow
40:08 Bow Saw
41:21 Hand Cart
G5
4:31 Loom
5:48 Loom
14:47 Feudal Age
16:07 Town Watch
18:49 Castle Age
18:08 Double-Bit Axe
21:06 Bow Saw
21:13 Fishing Lines
24:16 Wheelbarrow
24:43 Horse Collar
34:10 Scale Barding Armor
34:22 Heavy Plow
34:56 Fletching
38:22 Imperial Age
35:45 Gold Mining
36:34 Padded Archer Armor
36:32 Bodkin Arrow
37:42 Ballistics
37:40 Thumb Ring
38:17 Leather Archer Armor
38:38 Chain Barding Armor
38:21 Husbandry
37:42 Light Cavalry
38:55 Stone Mining
39:11 Bracer
40:19 Chemistry
39:00 Treadmill Crane
39:50 Bloodlines
40:47 Ring Archer Armor
amtiky
12:50 Loom
14:59 Feudal Age
19:15 Castle Age
18:06 Double-Bit Axe
18:02 Fishing Lines
26:38 Fletching
29:41 Horse Collar
30:59 Bow Saw
30:50 Heavy Plow
31:20 Bodkin Arrow
33:19 Heavy Plow
34:13 Padded Archer Armor
34:45 Gold Mining
36:19 Gold Shaft Mining
36:19 Bloodlines
37:00 Husbandry
37:22 Ballistics
38:40 Thumb Ring
39:55 Wheelbarrow
AOKI_Totor
3:07 Loom
12:15 Feudal Age
12:44 Double-Bit Axe
15:56 Bloodlines
16:47 Forging
21:43 Castle Age
20:48 Scale Barding Armor
21:28 Gold Mining
24:58 Bow Saw
25:45 Horse Collar
28:07 Husbandry
27:28 Light Cavalry
29:42 Town Watch
30:57 Wheelbarrow
30:47 Fletching
31:45 Ballistics
32:17 Bodkin Arrow
32:22 Padded Archer Armor
32:42 Heavy Plow
35:39 Hand Cart
38:51 Imperial Age
37:02 Thumb Ring
38:26 Gold Shaft Mining
39:39 Bracer
40:43 Chemistry
39:30 Capped Ram
41:00 Drill
40:24 Hussar
AOKI_Thanouille
3:03 Loom
14:10 Feudal Age
14:57 Double-Bit Axe
17:39 Castle Age
15:59 Gold Mining
16:42 Horse Collar
17:22 Town Watch
18:30 Bow Saw
18:21 Heavy Plow
24:05 Wheelbarrow
24:04 Stone Mining
25:45 Stone Shaft Mining
26:40 Hand Cart
26:45 Town Watch
27:50 Fletching
31:20 Imperial Age
29:19 Bodkin Arrow
30:12 Gold Shaft Mining
29:48 Padded Archer Armor
30:10 Ballistics
30:59 Leather Archer Armor
32:02 Bracer
33:03 Chemistry
32:25 Conscription
33:07 Two-Man Saw
32:23 Elite Chu Ko Nu
33:46 Ring Archer Armor
34:02 Thumb Ring
36:05 Masonry
38:45 Coinage
39:20 Architecture
38:23 Sappers
39:56 Banking
AOKI_Nyusika
11:36 Feudal Age
11:06 Loom
12:32 Double-Bit Axe
14:32 Horse Collar
15:42 Forging
19:32 Scale Barding Armor
22:13 Castle Age
20:58 Gold Mining
21:26 Bloodlines
22:57 Husbandry
23:31 Bow Saw
22:54 Light Cavalry
24:18 Heavy Plow
24:53 Chain Barding Armor
29:21 Wheelbarrow
31:00 Stone Mining
37:25 Imperial Age
35:55 Iron Casting
36:46 Gold Shaft Mining
37:28 Heavy Camel Rider
38:44 Plate Barding Armor
38:32 Conscription
38:16 Town Watch
38:40 Hussar
40:21 Blast Furnace
39:56 Imperial Camel Rider
AOKI_GworK
9:41 Loom
12:04 Feudal Age
12:07 Man-at-Arms
13:11 Arson
14:47 Double-Bit Axe
18:54 Wheelbarrow
18:20 Fletching
22:51 Stone Mining
23:15 Town Watch
29:37 Castle Age
30:38 Bow Saw
30:50 Hand Cart
31:32 Gold Mining
32:38 Bodkin Arrow
32:47 Padded Archer Armor
32:38 Elite Skirmisher
36:11 Ballistics
35:55 Horse Collar
37:54 Leather Archer Armor
39:35 Scale Barding Armor
39:41 Forging
Connection lost

Rejoining the realm…

Still unreachable

The connection could not be restored.

Session expired

The server has moved on; the page needs a fresh start.